 Dungeon Crawl Stone Soup version 0.27-a0-1149-g4505690ab0 (webtiles) character file.

Game seed: 7281600382006410843

44612 leviel the Severer (level 13, -1/117 HPs)
             Began as a Minotaur Fighter on May 14, 2021.
             Was an Initiate of Gozag.
             Slain by an 11-headed hydra (13 damage)
             ... on level 3 of the Lair of Beasts.
             The game lasted 00:38:35 (21975 turns).

leviel the Severer (Minotaur Fighter)              Turns: 21975, Time: 00:38:37

Health: -1/117     AC: 22    Str: 26    XL:     13   Next: 97%
Magic:  12/12      EV: 10    Int:  5    God:    Gozag
Gold:   2417       SH: 22    Dex: 15    Spells: 12/12 levels left

rFire    + + .     SeeInvis .   a - +9 broad axe "Wialom" {vorpal, rElec rF+ Dex+3}
rCold    + . .     Faith    .   k - +2 tower shield {reflect}
rNeg     . . .     Spirit   .   F - +4 ring mail "Foiciwar" {rPois rCorr Str+2}
rPois    +         Reflect  +   J - +2 hat {Stlth+}
rElec    +         Harm     .   n - +2 cloak
rCorr    +         Rampage  .   l - +0 pair of gloves
Will     .....                  t - +2 pair of boots
Stlth    ++........             (no amulet)
HPRegen  0.29/turn              (no ring)
MPRegen  0.13/turn              (no ring)

@: resistant, hasted, invisible, very quick
A: horns 2, retaliatory headbutt
a: Renounce Religion, Potion Petition, Call Merchant, Bribe Branch


You were on level 3 of the Lair of Beasts.
You worshipped Gozag.
Gozag was most pleased with you.
You visited 4 branches of the dungeon, and saw 18 of its levels.
You also visited: Bailey.

You collected 7771 gold pieces.
You spent 3163 gold pieces at shops.
You paid 2191 gold pieces to Gozag.

Inventory:

Hand Weapons
 a - the +9 broad axe "Wialom" (weapon) {vorpal, rElec rF+ Dex+3}
   (You acquired it in a bailey)

   It inflicts extra damage upon your enemies.
   It affects your dexterity (+3).
   It protects you from fire.
   It insulates you from electricity.
 x - a +0 broad axe of venom
 y - a +6 vampiric broad axe
 K - the +8 glaive of the Guard {elec, spectral, AC+5}
   (You bought it in a shop on level 3 of the Lair of Beasts)

   Occasionally, upon striking a foe, it can discharge electrical energy and
   cause terrible harm.
   When it strikes, its spirit leaps out and fights alongside the wielder.
   It affects your AC (+5).
Missiles
 r - 9 curare-tipped darts
 s - 5 javelins (quivered)
Armour
 c - a +0 kite shield
 k - a +2 tower shield of reflection (worn)
 l - a +0 pair of gloves (worn)
 n - a +2 cloak (worn)
 t - a +2 pair of boots (worn)
 F - the +4 ring mail "Foiciwar" (worn) {rPois rCorr Str+2}
   (You found it on level 12 of the Dungeon)

   It affects your strength (+2).
   It protects you from poison.
   It protects you from acid and corrosion.
 J - a +2 hat of stealth (worn)
Jewellery
 b - an amulet of guardian spirit
Wands
 e - a wand of digging (2)
 q - a wand of charming (11)
 u - a wand of flame (30)
 C - a wand of paralysis (11)
Scrolls
 f - 6 scrolls of teleportation
 i - a scroll of enchant weapon
 o - 3 scrolls of fear
 v - 6 scrolls of identify {@r1}
 w - 3 scrolls of silence
 A - a scroll of blinking
 B - 2 scrolls of immolation
 D - a scroll of vulnerability
 H - 3 scrolls of summoning
 I - a scroll of fog
Potions
 d - 2 potions of might
 g - 11 potions of curing
 h - 3 potions of cancellation
 p - a potion of flight
 z - 6 potions of ambrosia
 E - a potion of invisibility
 G - 3 potions of lignification
Miscellaneous
 j - a piece from Xom's chessboard (15/15)
 m - a phial of floods


   Skills:
 + Level 11.8 Fighting
 - Level 18.0 Axes
 + Level 1.8(12.3) Polearms
 + Level 12.7 Armour
 - Level 4.1 Dodging
 * Level 12.2 Shields
 + Level 4.9 Evocations


You had 12 spell levels left.
You didn't know any spells.
Your spell library contained the following spells:

 Spells                   Type           Power      Damage    Failure   Level
 Apportation              Tloc           0%         N/A       98%         1
 Foxfire                  Conj/Fire      0%         2x1d4     98%         1
 Confusing Touch          Hex            0%         N/A       100%        3
 Conjure Flame            Conj/Fire      0%         6-21      100%        3
 Inner Flame              Hex/Fire       0%         N/A       100%        3
 Lesser Beckoning         Tloc           0%         N/A       100%        3
 Tukima's Dance           Hex            0%         N/A       100%        3
 Animate Dead             Necr           0%         N/A       100%        4
 Fulminant Prism          Conj/Hex       0%         3d6       100%        4
 Sticky Flame             Conj/Fire      0%         2d3       100%        4
 Alistair's Intoxication  Tmut/Pois      0%         N/A       100%        5
 Borgnjor's Vile Clutch   Necr/Erth      0%         N/A       100%        5
 Fireball                 Conj/Fire      0%         3d3       100%        5
 Death Channel            Necr           0%         N/A       100%        6
 Invisibility             Hex            0%         N/A       100%        6
 Simulacrum               Ice/Necr       0%         N/A       100%        6
 Discord                  Hex            0%         N/A       100%        8


Dungeon Overview and Level Annotations

Branches:
Dungeon (12/15)            Temple (1/1) D:7            Lair (3/6) D:10
 Shoals (0/4) Lair:3          Orc (2/2) D:9             Elf (0/3) Orc:2
 Bailey (visited)
  Snake: Lair:2-4    Spider: Lair:2-4

Altars:
Ashenzari
Cheibriados
Dithmenos
Elyvilon
Fedhas
Gozag
Hepliaklqana
Kikubaaqudgha
Makhleb
Nemelex Xobeh
Okawaru
Qazlal
Ru
Sif Muna
Trog
Uskayaw
Vehumet
Wu Jian
Xom
Yredelemnul
Zin
The Shining One
Beogh

Shops:
D:2 !   D:7 *   D:8 (?(   Orc:2 (:[[*   Lair:3 (

Annotations:
D:3 1 runed translucent door
D:8 2 transporters, Vomitron's ghost, journeyman MiFi


Innate Abilities, Weirdness & Mutations

You have a pair of horns on your head.
You reflexively headbutt those who attack you in melee.


Message History

The ten-headed hydra is almost dead.
The ten-headed hydra bites you.
The ten-headed hydra closely misses you.
You block the ten-headed hydra's attack.
The ten-headed hydra barely misses you.
You block the ten-headed hydra's attack.
The ten-headed hydra bites you! x2; The ten-headed hydra bites you. x2
The ten-headed hydra bites you but does no damage.
You are too injured to fight recklessly!
You hack one of the ten-headed hydra's heads off!
The nine-headed hydra grows two more!
You slash the 11-headed hydra!
Your headbutt misses the 11-headed hydra.
The 11-headed hydra is almost dead.
You block the 11-headed hydra's attack.
The 11-headed hydra bites you but does no damage.
You block the 11-headed hydra's attack. The 11-headed hydra bites you!
* * * LOW HITPOINT WARNING * * *
The 11-headed hydra bites you.
* * * LOW HITPOINT WARNING * * *
The 11-headed hydra bites you!
* * * LOW HITPOINT WARNING * * *
The 11-headed hydra bites you but does no damage.
You block the 11-headed hydra's attack. x2
The 11-headed hydra bites you but does no damage. x2
You see here 23 gold pieces.
You see here 14 gold pieces.
Okay, then.
Okay, then. [a] - 176 gold - might and brilliance [b] - 588 gold - haste, resistance and invisibility [c] - 546 gold - haste, brilliance, invisibility and might Purchase which effect?
You no longer have enough gold to bribe branches to halt enemies' attacks and recruit allies.
You feel yourself speed up.
You feel protected.
You fade into invisibility!
You block the 11-headed hydra's attack. x3
The 11-headed hydra bites you but does no damage.
The 11-headed hydra bites you!
You die...
Your body crumbles into a pile of gold.

# #....##.... ##... #
#........###..... ##
##....8...#.P..... .##
#.#...........#... ...
##..8...8..$..P... #
##............... #
##$..8$.......... #
##.D$.$$$.##..#... ##
#####..@$#..$....## ..
.##### #........#..#.$.#.#
...#.#
###...8..##...#$$..##
##...###.#......#..####...#
....$.#.....#+#..### ....#
.....$.....∩....## #..##
...............#..# ...
.#....###....####. .<..
.##.... ##....# . .....


You could see a 11-headed hydra.

Vanquished Creatures
  Saint Roka (Orc:2)
  Jorgrun (Orc:1)
  Gastronok (D:11)
  A boulder beetle (D:12)
  2 hydras (D:11)
  2 two-headed ogres
  5 death yaks (Lair:3)
  An orc high priest (Orc:2)
  Urug (Orc:2)
  A fire crab (shapeshifter) (D:12)
  4 orc knights
  2 cyclopes
  An ugly thing (D:11)
  3 orc sorcerers
  A torpor snail (Lair:1)
  A black mamba (Lair:2)
  2 gargoyles (D:12)
  4 cane toads
  A rime drake (Lair:2)
  4 komodo dragons
  5 trolls
  3 hornets
  A queen bee (Lair:1)
  2 polar bears
  9 blink frogs (Lair:3)
  A water elemental (D:12)
  Sigmund (D:4)
  2 shadows (D:12)
  A wyvern (Lair:1)
  A ynoxinul (D:10)
  5 basilisks
  35 yaks
  2 wargs
  3 steam dragons
  2 nagas (Lair:3)
  2 acid dragons
  5 water moccasins
  3 ice beasts
  A sky beast (D:5)
  32 orc warriors
  9 ogres
  8 centaurs
  4 wolves
  2 kobold brigands
  A gnoll sergeant (D:11)
  A wyvern zombie (D:5)
  Blork the orc (Orc:2)
  5 bullfrogs
  A water moccasin zombie (D:4)
  A water moccasin skeleton (D:4)
  19 killer bees (Lair:1)
  4 wights (D:10)
  3 electric eels
  4 howler monkeys
  4 centaur zombies
  A gnoll shaman (D:8)
  A hound (D:4)
  13 orc priests
  A centaur skeleton (D:4)
  3 jellies
  A bullfrog skeleton (D:5)
  Jessica (D:2)
  Natasha (thrice) (D:4)
  2 iguanas
  27 orc wizards
  A human skeleton (D:3)
  6 hell rats (Lair:3)
  2 howler monkey skeletons
  9 gnolls
  2 howler monkey zombies
  4 adders
  2 white imps (D:12)
  2 ufetubi
  An adder skeleton (D:4)
  2 worms
  2 dart slugs (D:2)
  83 orcs
  10 endoplasms
  3 giant cockroaches
  7 goblins
  15 hobgoblins
  8 jackals
  6 quokkas
  5 ball pythons
  8 bats
  3 frilled lizards
  A goblin zombie (D:3)
  11 kobolds
  2 rats
470 creatures vanquished.

Vanquished Creatures (collateral kills)
  A gargoyle (D:12)
1 creature vanquished.

Vanquished Creatures (others)
  A centaur zombie (D:7)
  An orc wizard (D:9)
  5 fungi
  15 plants
22 creatures vanquished.

Grand Total: 493 creatures vanquished

Notes
Turn   | Place    | Note
-------+----------+-------------------------------------------
     0 | D:1      | leviel the Minotaur Fighter began the quest for the Orb.
     0 | D:1      | Reached XP level 1. HP: 19/19 MP: 0/0
   164 | D:1      | Reached XP level 2. HP: 27/27 MP: 1/1
   402 | D:1      | Reached skill level 3 in Axes
   689 | D:1      | Reached XP level 3. HP: 25/33 MP: 2/2
   930 | D:2      | Noticed Jessica
   934 | D:2      | Killed Jessica
  1038 | D:2      | Reached XP level 4. HP: 35/41 MP: 3/3
  1234 | D:2      | Found Joulas's Distillery.
  1241 | D:2      | Bought a potion of heal wounds for 50 gold pieces
  1304 | D:2      | Found a bloodstained altar of Trog.
  1407 | D:2      | Reached skill level 4 in Axes
  1583 | D:3      | Found a runed translucent door.
  1583 | D:3      | Noticed a human
  1584 | D:3      | Found a basalt altar of Yredelemnul.
  1824 | D:3      | Found a radiant altar of Vehumet.
  2328 | D:2      | Bought a potion of degeneration for 10 gold pieces
  2366 | D:4      | Reached skill level 5 in Axes
  2366 | D:4      | Reached XP level 5. HP: 44/47 MP: 4/4
  2517 | D:4      | Noticed Natasha
  2523 | D:4      | Killed Natasha
  2768 | D:4      | Reached XP level 6. HP: 53/53 MP: 5/5
  2880 | D:4      | Noticed Natasha
  2890 | D:4      | Killed Natasha
  2891 | D:4      | Reached skill level 6 in Axes
  2938 | D:4      | Noticed Natasha
  2949 | D:4      | Killed Natasha
  3018 | D:4      | Noticed Sigmund
  3132 | D:4      | Killed Sigmund
  3133 | D:4      | Reached skill level 7 in Axes
  3133 | D:4      | Reached XP level 7. HP: 25/60 MP: 6/6
  3377 | D:5      | Entered Level 5 of the Dungeon
  3389 | D:5      | Reached skill level 5 in Armour
  3389 | D:5      | Reached skill level 1 in Dodging
  3611 | D:5      | Reached skill level 5 in Fighting
  3611 | D:5      | Reached skill level 8 in Axes
  3721 | D:5      | Reached skill level 5 in Shields
  3958 | D:5      | Found a white marble altar of Elyvilon.
  4056 | D:5      | Found a shimmering altar of Xom.
  4151 | D:5      | Reached XP level 8. HP: 68/68 MP: 7/7
  4339 | D:5      | Found a snail-covered altar of Cheibriados.
  4600 | D:6      | Reached skill level 9 in Axes
  5091 | D:6      | Found a stormy altar of Qazlal.
  5104 | D:6      | You fall into a shaft and drop 1 floor!
  5344 | D:6      | Reached skill level 10 in Axes
  5594 | D:6      | Found a glowing silver altar of Zin.
  6002 | D:7      | Found Ulingax's Assorted Antiques.
  6021 | D:7      | Bought a scroll labelled HIFOAM CARPHE for 26 gold pieces
  6021 | D:7      | Bought a scroll labelled VIUMPIECEQA for 26 gold pieces
  6025 | D:7      | Acquired 948 gold pieces
  6313 | D:7      | Found an ornate altar of the Wu Jian Council.
  6524 | D:7      | Reached XP level 9. HP: 56/74 MP: 8/8
  6894 | D:7      | Found a staircase to the Ecumenical Temple.
  7032 | Temple   | Entered the Ecumenical Temple
  7093 | Temple   | Became a worshipper of Gozag Ym Sagoz the Greedy
  7211 | D:8      | Found Halir's Weapon Boutique.
  7236 | D:8      | Reached skill level 11 in Axes
  7236 | D:8      | Reached skill level 1 in Evocations
  7540 | D:8      | Bought a +0 broad axe for 64 gold pieces
  7549 | D:8      | Found Timofeg's Magic Scroll Boutique.
  7559 | D:8      | Bought a scroll of blinking for 105 gold pieces
  7559 | D:8      | Bought a scroll of silence for 105 gold pieces
  7594 | D:8      | Reached skill level 12 in Axes
  7597 | D:8      | Found Fitog's Magic Scroll Shop.
  7601 | D:8      | Bought a scroll of acquirement for 572 gold pieces
  7601 | D:8      | Bought a scroll of brand weapon for 220 gold pieces
  7601 | D:8      | Bought a scroll of immolation for 38 gold pieces
  7601 | D:8      | Bought a scroll of summoning for 104 gold pieces
  7601 | D:8      | Acquired 725 gold pieces
  7603 | D:8      | Acquired a +1 vampiric broad axe
  7636 | D:8      | Found an iron altar of Okawaru.
  7727 | D:8      | Noticed Vomitron's ghost (journeyman MiFi)
  7728 | D:8      | Found a transporter.
  7728 | D:8      | Identified the +9 great mace of Blind Justice {drain, SInv}
  7728 | D:8      | Noticed a two-headed ogre
  7730 | D:8      | Found a transporter.
  7738 | D:8      | Paralysed by a hornet for 3 turns
  7754 | D:8      | Found Xaad's Antique Weapon Shoppe.
  8540 | D:9      | Reached XP level 10. HP: 69/83 MP: 9/9
  8542 | D:9      | Paralysed by a hornet for 1 turns
  9009 | D:9      | Found a staircase to the Orcish Mines.
  9011 | D:9      | Noticed a cyclops
  9018 | D:9      | Reached skill level 13 in Axes
  9027 | D:9      | Killed a cyclops
  9222 | D:9      | Found a hazy altar of Hepliaklqana.
  9543 | D:10     | Entered Level 10 of the Dungeon
  9640 | D:10     | You fall into a shaft and drop 1 floor!
  9660 | D:11     | Noticed a five-headed hydra
  9672 | D:11     | Killed a six-headed hydra
 10133 | D:11     | Noticed a brown ugly thing
 10133 | D:11     | Noticed a five-headed hydra
 10236 | D:11     | Killed a brown ugly thing
 10265 | D:11     | Noticed Gastronok
 10584 | D:11     | You fall into a shaft and drop 1 floor!
 10585 | D:12     | Noticed a gargoyle
 10587 | D:12     | Killed a gargoyle
 10632 | D:12     | Noticed a cyclops
 10632 | D:12     | Noticed a gargoyle
 10664 | D:12     | Found a flagged portal.
 10680 | D:12     | Killed a gargoyle
 10686 | D:12     | Killed a cyclops
 10687 | D:12     | Reached skill level 14 in Axes
 10771 | Bailey   | Entered a bailey
 10900 | Bailey   | Reached XP level 11. HP: 92/92 MP: 10/10
 10902 | Bailey   | Noticed an orc knight
 10933 | Bailey   | Killed an orc knight
 11152 | Bailey   | Acquired the +9 broad axe "Wialom" {vorpal, rElec rF+
                  | Dex+3}
 11330 | Bailey   | Acquired 711 gold pieces
 11353 | D:12     | Identified the Reference Book on Beguiling
 11411 | D:12     | Identified the +4 ring mail "Foiciwar" {rPois rCorr Str+2}
 11678 | D:12     | Noticed a two-headed ogre
 11686 | D:12     | Killed a two-headed ogre
 11850 | D:11     | Killed an eight-headed hydra
 11867 | D:11     | Noticed a six-headed hydra
 12462 | D:10     | Found a shimmering blue altar of Sif Muna.
 12478 | D:10     | Found a bloodstained altar of Trog.
 12484 | D:10     | Reached skill level 15 in Axes
 12888 | D:10     | Found a staircase to the Lair.
 13401 | D:10     | Identified Sif Muna's Grimoire of Hexes
 13802 | D:11     | Killed Gastronok
 13803 | D:11     | Reached skill level 10 in Armour
 14119 | Lair:1   | Entered Level 1 of the Lair of Beasts
 14191 | Lair:1   | Reached XP level 12. HP: 89/103 MP: 11/11
 14747 | D:8      | Bought a scroll of brand weapon for 220 gold pieces
 14747 | D:8      | Bought a scroll of blinking for 82 gold pieces
 14747 | D:8      | Bought a scroll of teleportation for 33 gold pieces
 14747 | D:8      | Bought a scroll of identify for 22 gold pieces
 14747 | D:8      | Bought a scroll of teleportation for 33 gold pieces
 14747 | D:8      | Bought a scroll of fear for 38 gold pieces
 14747 | D:8      | Bought a scroll of fog for 22 gold pieces
 14747 | D:8      | Bought a scroll of identify for 22 gold pieces
 15086 | Lair:1   | Reached skill level 16 in Axes
 16124 | Lair:2   | Found a shadowy altar of Dithmenos.
 16452 | Lair:2   | Reached skill level 10 in Shields
 16612 | Lair:2   | Reached skill level 10 in Fighting
 16873 | Lair:3   | Noticed an eight-headed hydra
 17041 | D:12     | Noticed a boulder beetle
 17057 | D:12     | Killed a boulder beetle
 17178 | D:12     | Reached skill level 17 in Axes
 17678 | Orc:1    | Entered Level 1 of the Orcish Mines
 17690 | Orc:1    | Reached XP level 13. HP: 96/114 MP: 12/12
 17935 | Orc:1    | Noticed Jorgrun
 17951 | Orc:1    | HP: 5/114 [Jorgrun/blast of rock fragments (12)]
 17955 | Orc:1    | Killed Jorgrun
 19024 | Orc:2    | Entered Level 2 of the Orcish Mines
 19075 | Orc:2    | Found a staircase to the Elven Halls.
 19232 | Orc:2    | Paralysed by an orc sorcerer for 7 turns
 19635 | Orc:2    | Noticed Urug
 19682 | Orc:2    | Killed Urug
 19777 | Orc:2    | Noticed Saint Roka
 19836 | Orc:2    | Killed Saint Roka
 19847 | Orc:2    | Reached skill level 18 in Axes
 20062 | Orc:2    | Noticed Blork the orc
 20094 | Orc:2    | Killed Blork the orc
 20232 | Orc:2    | Found Pampu's General Store.
 20357 | Orc:2    | Found Uciucor's Antique Weapon Boutique.
 20550 | Orc:2    | Found Udoa's Antique Armour Boutique.
 20578 | Orc:2    | Found Hanik's Book Boutique.
 21267 | Orc:2    | Bought a +2 tower shield of reflection for 277 gold pieces
 21472 | Lair:3   | Found a staircase to the Shoals.
 21847 | Lair:3   | Bought the +8 glaive of the Guard {elec, spectral, AC+5}
                  | for 1094 gold pieces
 21847 | Lair:3   | Found the +8 glaive of the Guard {elec, spectral, AC+5}
 21888 | Lair:3   | Reached skill level 1 in Polearms
 21975 | Lair:3   | Slain by an 11-headed hydra

Illustrated notes

Levels and vault maps discovered:
D:1:      minmay_arrival_arboretum_large, layout_basic
D:2:      layout_basic, basic_altar, serial_shops, shop_statue, uniq_jessica
D:3:      kennysheep_six_static_rooms, layout_loops_ring, dk_yredelemnul_ordeal,
          vehumet_crystals
D:4:      layout_rooms, kennysheep_nondescript, moated_statue, uniq_natasha,
          uniq_sigmund
D:5:      layout_cave_pools, xom_butterflies, marbit_many_paths,
          lemuel_round_altar, serial_column_ruins,
          column_ruins_columns_straight, column_ruins_corridor_straight,
          column_ruins_grid_1, column_ruins_grid_3, column_ruins_grid_3,
          chequers_big_river
D:6:      layout_gridville, lemuel_doored_altar, zin_academy
D:7:      layout_rooms, lemuel_crystal_altar, minmay_temple_entry_nine_rooms,
          serial_shops, shop_coins, grunt_ogre_cave
D:8:      layout_cave_pools, okawaru_altar_gauntlet_db, serial_shops,
          nicolae_shop_statue_plus, nicolae_shop_statue_plus, shop,
          gammafunk_ghost_smash, kennysheep_crisscross, kennysheep_small_circle
D:9:      layout_loops_ring, nzn_hepliaklqana_mist_gate, erik_orc_4
D:10:     layout_roguey, nzn_overflow_gifts_of_might_and_magic,
          erik_lair_dragon, glass_columns_c
D:11:     layout_small_grid, uniq_gastronok
D:12:     layout_roguey, serial_ice, serial_ice_f, serial_ice_l, serial_ice_h,
          serial_ice_n, enter_bailey_3
Temple:   zaba_magenta_temple
Lair:1:   wander_river, layout_hall_layers, special_room [special_room_bee],
          st_stairs_8
Lair:2:   layout_misc_corridors, lemuel_centaur_altar
Lair:3:   layout_cave_pods, elwin_shoals_entry_rocks,
          minmay_snake_entry_guardpost_medium, grunt_megastairs_4,
          infiniplex_staircase_pool
Orc:1:    layout_caves, guppyfry_library_mini, uniq_jorgrun
Orc:2:    grunt_orc_cross, layout_caves, nicolae_orc_lost_temple

Skill      XL: |  1  2  3  4  5  6  7  8  9 10 11 12 13 |
---------------+----------------------------------------+-----
Fighting       | 4 5 6 7 8 10 11 | 11.8
Armour         | 4 5 6 7 8 10 11 12 | 12.7
Axes           | 3 5 7 8 10 12 14 15 17 18 | 18.0
Shields        | 4 5 6 7 9 10 12 | 12.2
Dodging        | 1 2 3 4 |  4.1
Evocations     | 2 4 |  4.9
Polearms       | 1 |  1.8

Action                   |  1- 3 |  4- 6 |  7- 9 | 10-12 | 13-15 || total
-------------------------+-------+-------+-------+-------+-------++-------
Melee: War axe           |    57 |   130 |   190 |       |       ||   377
       Headbutt          |     6 |    26 |    53 |    91 |    62 ||   238
       Broad axe         |       |       |    61 |   405 |   275 ||   741
Throw: Javelin           |       |       |       |     3 |     4 ||     7
       Dart              |       |       |       |     2 |       ||     2
       Throwing net      |       |       |       |     1 |       ||     1
Invok: Call Merchant     |       |       |       |       |     2 ||     2
       Potion Petition   |       |       |       |       |     1 ||     1
Evoke: Piece from Xom's  |       |       |     6 |     4 |       ||    10
       Wand              |       |       |       |    23 |     4 ||    27
       Phial of floods   |       |       |       |     1 |       ||     1
  Use: Potion            |       |     3 |     2 |     3 |     5 ||    13
       Scroll            |       |       |    16 |    19 |     7 ||    42
 Stab: Distracted        |       |       |       |     4 |     1 ||     5
       Paralysed         |       |       |       |     5 |       ||     5
Armor: Scale mail        |    22 |    55 |   113 |    91 |       ||   281
       Ring mail         |       |       |       |   111 |    91 ||   202
Dodge: Dodged            |    18 |    34 |    99 |   174 |    51 ||   376
Block: Kite shield       |    32 |    72 |   164 |   269 |    56 ||   593
       Tower shield      |       |       |       |       |    91 ||    91
       Reflection        |       |       |       |       |     1 ||     1

Table legend: (Time is in decaauts)
 A = Elapsed time spent in this place.
 B = Non-inter-level travel time spent in this place.
 C = Inter-level travel time spent in this place.
 D = Time resting spent in this place.
 E = Time spent auto-exploring this place.
 F = Levels seen in this place.
 G = Mean time per level.
                   A        B        C        D        E       F      G
               +--------+--------+--------+--------+--------+-----+--------+
         Total |  22112 |  20698 |   1414 |   4765 |  12574 |  19 | 1163.8 |
       Dungeon |  14818 |  13678 |   1140 |   3160 |   8333 |  12 | 1234.8 |
        Temple |     74 |     55 |     19 |      0 |     54 |   1 |   74.0 |
          Lair |   3079 |   2886 |    193 |    629 |   1778 |   3 | 1026.3 |
  Orcish Mines |   3585 |   3524 |     61 |    674 |   2331 |   2 | 1792.5 |
        Bailey |    553 |    553 |      0 |    302 |     77 |   1 |  553.0 |
               +--------+--------+--------+--------+--------+-----+--------+

Top non-repeatable levels by time:
    D:10: 2286 daAuts
   Orc:2: 2239 daAuts
  Lair:1: 1714 daAuts
     D:8: 1651 daAuts
    D:11: 1430 daAuts
   Orc:1: 1345 daAuts
     D:6: 1273 daAuts
     D:7: 1234 daAuts
     D:5: 1230 daAuts
    D:12: 1214 daAuts
     D:4: 1047 daAuts
     D:9: 1028 daAuts
     D:2: 920 daAuts
  Lair:2: 849 daAuts
     D:3: 764 daAuts
